 Dungeon Crawl Stone Soup version 0.24-a0-434-gd57e52fea8 (webtiles) character file.

Game seed: 8650528621709794047

309235 EnegeticOcto the Peltast (level 20, -3/165 HPs)
             Began as a Mummy Chaos Knight on June 15, 2019.
             Was a Favourite Plaything of Xom.
             Slain by Xtahua (23 damage)
             ... on level 4 of the Vaults.
             The game lasted 01:55:21 (57177 turns).

EnegeticOcto the Peltast (Mummy Chaos Knight)      Turns: 57177, Time: 01:55:21

Health: -3/165     AC: 28    Str: 21    XL:     20   Next: 37%
Magic:  31/31      EV: 11    Int: 20    God:    Xom [...*..]
Gold:   176        SH: 27    Dex: 12    Spells: 19/33 levels left

rFire    + . .     SeeInvis .   a - +7 eveningstar (flame)
rCold    + . .     Gourm    .   n - +2 large shield {AC+3}
rNeg     + + +     Faith    .   N - +4 fire dragon scales
rPois    ∞         Spirit   .   x - +0 helmet of Rusky {rC+ Str+6 Stlth+}
rElec    .         Reflect  +   T - +2 cloak {MR+}
rCorr    .         Harm     .   q - +2 pair of gloves "Nehy" {Stlth+}
MR       +++..                  S - +2 pair of boots
Stlth    ++........             E - +5 amulet of reflection
HPRegen  0.37/turn              (no ring)
MPRegen  0.22/turn              s - ring "Zeunk" {rPois Slay+2}

@: studying Fighting
A: no food or potions, fire vulnerability, cold resistance 1, negative energy
resistance 3, torment resistance, unbreathing, in touch with death 1
}: 2/15 runes: decaying, serpentine
a: Renounce Religion


You were on level 4 of the Vaults.
You worshipped Xom.
You were a favourite toy of Xom.
You were not hungry.

You visited 6 branches of the dungeon, and saw 35 of its levels.
You also visited: Bailey, Gauntlet and Ice Cave.

You collected 6033 gold pieces.
You spent 5857 gold pieces at shops.

Inventory:

Hand Weapons
 a - a +7 eveningstar of flaming (weapon)
 v - a +2 short sword of distortion
 y - a +2 dagger of chaos
 C - the +6 morningstar of Bodily Humours {drain, *Rage +Blink Dex+7}
   (You bought it in a shop on level 8 of the Dungeon)

   A truly terrible weapon, it drains the life of those it strikes.
   It affects your dexterity (+7).
   It lets you blink.
   It may make you go berserk in combat.
Missiles
 g - 12 curare-tipped darts
 r - 4 throwing nets (quivered) {!f}
 Q - 710 arrows
Armour
 n - a +2 large shield of protection (worn)
 q - the +2 pair of gloves "Nehy" (worn) {Stlth+}
   (You acquired it on level 2 of the Vaults)

   It makes you more stealthy.
 x - the +0 helmet of Rusky (worn) {rC+ Str+6 Stlth+}
   (You bought it in a shop on level 8 of the Dungeon)

   It affects your strength (+6).
   It protects you from cold.
   It makes you more stealthy.
 N - +4 fire dragon scales (worn)
 S - a +2 pair of boots (worn)
 T - a +2 cloak of magic resistance (worn)
Magical Staves
 V - an uncursed staff of wizardry
 Z - an uncursed staff of air
Jewellery
 s - the ring "Zeunk" (right hand) {rPois Slay+2}
   (You found it on level 6 of the Lair of Beasts)

   [ring of poison resistance]

   It affects your accuracy and damage with ranged weapons and melee attacks
   (+2).
   It protects you from poison.
 E - a +5 amulet of reflection (around neck)
 F - the ring "Omeen" {Wiz SInv}
   (You found it in a Gauntlet)

   [ring of wizardry]

   It improves your spell success rate.
   It lets you see invisible.
 R - the ring "Affashis" {-Tele MP+9 Dex+10}
   (You found it on level 5 of the Lair of Beasts)

   [ring of magical power]

   It affects your dexterity (+10).
   It affects your magic capacity (+9).
   It prevents most forms of teleportation.
 U - the ring "Adutit" {-Tele +Inv +Fly Str+2 Dex+2}
   (You found it on level 14 of the Dungeon)

   [ring of flight]

   It affects your strength (+2).
   It affects your dexterity (+2).
   It lets you turn invisible.
   It lets you fly.
   It prevents most forms of teleportation.
Wands
 b - a wand of flame (43)
 d - a wand of paralysis (8)
 e - a wand of disintegration (18)
 B - a wand of scattershot (16)
 G - a wand of digging (8)
 K - a wand of iceblast (15)
 O - a wand of acid (26)
 X - a wand of random effects (70)
Scrolls
 c - 8 scrolls of remove curse {@r2}
 f - 8 scrolls of magic mapping {@r5 !r}
 k - 9 scrolls of fog {!r}
 l - 13 scrolls of identify {@r1}
 m - 2 scrolls of silence
 o - a scroll of blinking {@r4}
 p - 6 scrolls of teleportation {@r3 !r}
 t - 2 scrolls of enchant armour
 u - 2 scrolls of holy word
 w - 2 scrolls of fear {!r}
 z - a scroll of summoning
 A - 11 scrolls of amnesia
 H - 4 scrolls of noise
 P - 3 scrolls of immolation
 W - 2 scrolls of torment
 Y - a scroll of vulnerability
Books
 J - a manual of Fighting
Miscellaneous
 h - a phial of floods
 D - a fan of gales
 I - 3 boxes of beasts
 M - a lightning rod (4/4)


   Skills:
 + Level 16.2 Fighting
 - Level 4.0 Short Blades
 - Level 16.0 Maces & Flails
   Level 2.4 Polearms
 + Level 7.0 Armour
 + Level 6.2 Dodging
 * Level 16.4 Shields
 + Level 7.4 Spellcasting
 - Level 10.0 Summonings
 - Level 10.0 Air Magic
 + Level 5.5 Evocations


You had 19 spell levels left.
You knew the following spells:

 Your Spells              Type           Power        Failure   Level  Hunger
b - Sticks to Snakes      Tmut           #.......     77%         2    N/A
c - Summon Lightning Spi  Summ/Air       #####...     13%         4    N/A
e - Spectral Weapon       Hex/Chrm       #.......     94%         3    N/A
M - Borgnjor's Vile Clut  Necr/Erth      ##........   100%        5    N/A

Your spell library contained the following spells:

 Spells                   Type           Power        Failure   Level  Hunger
 Summon Small Mammal      Summ           ####         1%          1    N/A
 Call Imp                 Summ           #####...     1%          2    N/A
 Call Canine Familiar     Summ           #####...     4%          3    N/A
 Recall                   Summ/Tloc      N/A          30%         3    N/A
 Summon Guardian Golem    Hex/Summ       ####....     30%         3    N/A
 Confusing Touch          Hex            #.....       63%         1    N/A
 Corona                   Hex            #......      63%         1    N/A
 Infusion                 Chrm           #...         63%         1    N/A
 Magic Dart               Conj           #...         63%         1    N/A
 Summon Ice Beast         Ice/Summ       ####....     71%         4    N/A
 Corpse Rot               Necr           N/A          77%         2    N/A
 Ensorcelled Hibernation  Hex/Ice        #.....       77%         2    N/A
 Searing Ray              Conj           #.....       77%         2    N/A
 Shroud of Golubria       Chrm/Tloc      #.....       77%         2    N/A
 Song of Slaying          Chrm           #.......     77%         2    N/A
 Confuse                  Hex            #.......     94%         3    N/A
 Dazzling Spray           Conj/Hex       #.....       94%         3    N/A
 Gell's Gravitas          Tloc           #.........   94%         3    N/A
 Tukima's Dance           Hex            #.......     94%         3    N/A
 Animate Dead             Necr           N/A          100%        4    N/A
 Force Lance              Conj/Tloc      #.......     100%        4    N/A
 Fulminant Prism          Conj/Hex       #.........   100%        4    N/A
 Iskenderun's Mystic Bla  Conj           #.......     100%        4    N/A
 Leda's Liquefaction      Hex/Erth       #.........   100%        4    N/A
 Petrify                  Tmut/Erth      #.......     100%        4    N/A
 Agony                    Necr           ##......     100%        5    N/A
 Bolt of Draining         Conj/Necr      ##........   100%        5    N/A
 Bolt of Magma            Conj/Fire/Erth #.........   100%        5    N/A
 Dispel Undead            Necr           ##......     100%        5    N/A
 Excruciating Wounds      Chrm/Necr      ##........   100%        5    N/A
 Metabolic Englaciation   Hex/Ice        #.........   100%        5    N/A
 Yara's Violent Unravell  Hex/Tmut       #.........   100%        5    N/A
 Bolt of Cold             Conj/Ice       #.........   100%        6    N/A
 Death Channel            Necr           ##........   100%        6    N/A
 Freezing Cloud           Conj/Ice/Air   ###.......   100%        6    N/A
 Iron Shot                Conj/Erth      #.........   100%        6    N/A
 Ozocubu's Refrigeration  Ice            #.........   100%        6    N/A
 Simulacrum               Ice/Necr       ##........   100%        6    N/A
 Dragon's Call            Summ           #####.....   100%        9    N/A
 Shatter                  Erth           #.........   100%        9    N/A
 Beastly Appendage        Tmut           Unusable     N/A         1    N/A
 Sublimation of Blood     Necr           Unusable     N/A         2    N/A
 Regeneration             Chrm/Necr      Unusable     N/A         3    N/A
 Spider Form              Tmut/Pois      Unusable     N/A         3    N/A
 Ice Form                 Ice/Tmut       Unusable     N/A         4    N/A
 Blade Hands              Tmut           Unusable     N/A         5    N/A
 Statue Form              Tmut/Erth      Unusable     N/A         6    N/A

Dungeon Overview and Level Annotations

Branches:
Dungeon (15/15)            Temple (0/1) D:4            Lair (6/6) D:11
  Swamp (4/4) Lair:2        Snake (4/4) Lair:4        Slime (0/5) Lair:5
    Orc (2/2) D:10            Elf (0/3) Orc:2        Vaults (4/5) D:14
  Crypt (0/3) Vaults:2     Depths (0/5) D:15

Altars:
Ashenzari
Cheibriados
Dithmenos
Elyvilon
Fedhas
Gozag
Nemelex Xobeh
Sif Muna
Trog
Uskayaw
Vehumet
Xom
Zin
The Shining One
Beogh
Jiyva

Shops:
D:6 [   D:8 *?(*   D:9 [:%[   Orc:2 ![[!   Snake:3 [[   Vaults:1 (   Vaults:2 }
Vaults:4 !}%[

Annotations:
D:11 4 runed translucent doors, Grum
D:14 exclusion: Roxanne, Roxanne
Lair:1 exclusion: 3 oklob plants
Lair:5 1 runed translucent door
Snake:4 2 transporters, xsansara's ghost, adept HOGl
Vaults:3 Mennas
Vaults:4 Xtahua


Innate Abilities, Weirdness & Mutations

You do not eat or drink.
Your flesh is vulnerable to fire.
You are immune to poison.
Your flesh is cold resistant. (rC+)
You are immune to negative energy. (rN+++)
You are immune to unholy pain and torment.
You can survive without breathing.
You are in touch with the powers of death.


Message History

You kill the two-headed ogre!
You bludgeon the ogre!! You burn the ogre.
The ogre is severely wounded.
You block the ogre's attack.
You hit the ogre. You burn the ogre.
The ogre is almost dead.
You block the ogre's attack. You block the two-headed ogre's attack.
The two-headed ogre hits you but does no damage.
You impale the ogre!! You burn the ogre.
You kill the ogre!
You hit the two-headed ogre. You burn the two-headed ogre.
The two-headed ogre is lightly wounded.
The two-headed ogre misses you. You block the two-headed ogre's attack.
You impale the two-headed ogre!! You burn the two-headed ogre!
The two-headed ogre is heavily wounded.
You thump the two-headed ogre! You burn the two-headed ogre.
The two-headed ogre is severely wounded.
You block the two-headed ogre's attack. The two-headed ogre misses you.
You crush the two-headed ogre like a grape!!!
You burn the two-headed ogre.
You kill the two-headed ogre!
An ironbrand convoker comes into view. It is wielding a +0 morningstar.
An ironbrand convoker is nearby!
An ironbrand convoker is nearby!
A two-headed ogre comes into view. It is wielding two +0 giant clubs.
You see here a +0 giant club.
You hit the ironbrand convoker. You burn the ironbrand convoker.
The ironbrand convoker is lightly wounded.
The ironbrand convoker begins to recite a word of recall!
You sock the ironbrand convoker! You burn the ironbrand convoker.
The ironbrand convoker is moderately wounded.
You sock the ironbrand convoker! You burn the ironbrand convoker.
The ironbrand convoker is severely wounded. "Heh heh heh..."
You are confused.
You are now a favourite toy of Xom.
The two-headed ogre hits you with a +0 giant club!
The two-headed ogre hits you but does no damage.
The two-headed ogre barely misses you.
The two-headed ogre hits you but does no damage.
You're too confused to move!
Xtahua is recalled.
The yaktaur is recalled.
The ironbrand convoker is recalled.
The vault warden is recalled.
The yaktaur is recalled.
The freezing wraith is recalled.
Xtahua bites you! Xtahua claws you! Xtahua misses you.
A yaktaur comes into view.
The yaktaur hits you but does no damage.
An ironbrand convoker comes into view.
It is wielding a +0 great mace of protection.
The two-headed ogre hits you with a +0 giant club!!
Xom is mildly amused.
The two-headed ogre barely misses you.
A yaktaur and Xtahua come into view.
You impale the two-headed ogre!! You burn the two-headed ogre.
The two-headed ogre is heavily wounded.
Xtahua breathes flames at you. The searing blast hits you!! You resist.
* * * LOW HITPOINT WARNING * * *
The yaktaur hits you but does no damage.
An ogre comes into view. It is wielding a +0 giant club.
The ironbrand convoker hits you but does no damage.
The freezing wraith closely misses you. The freezing wraith hits you.
* * * LOW HITPOINT WARNING * * *
The ogre shouts!
You skewer the two-headed ogre like a kebab!!!
You burn the two-headed ogre!
You kill the two-headed ogre!
Xtahua bites you but does no damage. Xtahua claws you but does no damage.
Xtahua tramples you!
* * * LOW HITPOINT WARNING * * *
You are shoved backwards!
The yaktaur hits you but does no damage.
The vault warden hits you with a +3 great sword.
* * * LOW HITPOINT WARNING * * *
Xtahua closely misses you. Xtahua claws you but does no damage.
Xtahua tramples you but does no damage. The yaktaur barely misses you.
The freezing wraith closely misses you.
The freezing wraith hits you but does no damage.
Items here: $ ( ) † a +0 arbalest; 37 gold pieces; 23 bolts; a yaktaur corpse The vault warden activates a sealing rune.
A door slams shut!
You are pushed out of the doorway!
Xtahua barely misses you. Xtahua claws you but does no damage.
Xtahua tramples you but does no damage.
The freezing wraith hits you but does no damage.
The freezing wraith hits you!
* * * LOW HITPOINT WARNING * * *
Xom is amused.
Items here: $ ( ) † a +0 arbalest; 37 gold pieces; 23 bolts; a yaktaur corpse
Okay, then.
You're too confused!
You can't drink.
Throwing (i - inventory. (/) - cycle)
r - 5 throwing nets (quivered)
{!f}
Press: ? - help, Shift-Dir - straight line, f - Xtahua
Aim: Xtahua (catching her breath, immune to nets) Really fire
r - 5 throwing nets {!f}?
You throw a throwing net {!f}. The throwing net {!f} hits the yaktaur.
The yaktaur is caught in the net!
You feel less confused.
The yaktaur struggles against the net.
Xtahua bites you!!
You die...
Xom guffaws!

#..................#.......#.....
#..................#...<...#.....
#.................∩#.......#.....
#...........(......#.......#.....
#.........))))(....+.......#.....
#...........).)....#########.....
#.....##########))...............
#.....#..###...+cW.(.............
#.....#..#.#..(#@pc.#############
#.....#..'###+##pD..# ..
#.....####..'.##.p..#
#.....##.'..####(...#
#.....##'##+# #....# #.....#...#
#O...# #.....'...# #....# c
#.....########+#....# c
#............O∆[.(..# c ∆


You could see Xtahua, a vault warden, 2 ironbrand convokers, 2 yaktaurs, a
freezing wraith and an ogre.

Vanquished Creatures
  Saint Roka (Snake:4)
  Jorgrun (Snake:1)
  A tentacled monstrosity (Swamp:4)
  Rupert (D:14)
  Frances (Swamp:2)
  A tengu reaver (Vaults:2)
  Agnes (D:14)
  Kirke (D:13)
  8 nagarajas
  A ghost moth (Swamp:1)
  4 vault wardens
  3 frost giants
  A cacodemon (Swamp:4)
  9 ironheart preservers
  A war gargoyle (Vaults:1)
  2 entropy weavers
  2 stone giants
  A minotaur (Gauntlet)
  A dire elephant (Snake:4)
  A green death (Swamp:4)
  2 ettins
  A fire dragon (Vaults:1)
  3 yaktaur captains
  Harold (D:11)
  Josephine (D:11)
  Fannar (Lair:1)
  3 shambling mangroves
  3 ice dragons
  3 great orbs of eyes
  15 naga warriors
  14 hydras
  2 rakshasas
  29 two-headed ogres
  5 vault guards
  3 catoblepae (Lair:6)
  10 centaur warriors
  5 death yaks (Lair:6)
  8 anacondas
  13 alligators
  13 ogre magi
  3 deep troll earth magi
  11 naga sharpshooters
  3 thrashing horrors
  2 tengu warriors
  11 shock serpents
  Sonja (Lair:2)
  2 deep elf knights (Vaults:2)
  2 salamander mystics (Snake:2)
  A fire crab (shapeshifter) (D:14)
  9 skeletal warriors (Vaults:2)
  A shadow wraith (Vaults:3)
  2 spriggan druids (Swamp:3)
  4 unseen horrors
  5 deep trolls
  A flayed ghost (Vaults:1)
  13 naga ritualists
  2 deep elf archers (Vaults:2)
  Pikel (D:8)
  4 wizards
  6 orc knights
  12 ironbrand convokers
  3 glowing orange brains (Vaults:3)
  9 swamp dragons
  7 mana vipers
  10 deep elf magi
  A necromancer (Vaults:2)
  7 wolf spiders
  24 ugly things
  5 harpies (Vaults:1)
  An oklob plant (Lair:3)
  A stone giant zombie (Vaults:2)
  5 cyclopes
  A fire giant skeleton (Vaults:2)
  5 manticores
  4 elephants (Lair:2)
  2 ice statues
  27 naga magi
  3 centaur zombies
  13 salamanders
  2 guardian serpents (Snake:3)
  41 black mambas
  7 vault sentinels
  18 spiny frogs
  2 gargoyles (D:10)
  A komodo dragon (shapeshifter) (Orc:2)
  4 rime drakes (Lair:4)
  5 komodo dragons
  A kobold demonologist (Bailey)
  A redback zombie (D:15)
  A tengu conjurer (D:14)
  27 yaktaurs
  2 efreet (D:15)
  10 freezing wraiths
  6 trolls
  4 yaktaur skeletons (Vaults:2)
  19 polar bears
  Grinder (D:4)
  A polar bear (shapeshifter) (Vaults:3)
  A jumping spider (shapeshifter) (D:14)
  A meliai (shapeshifter) (Vaults:2)
  10 tyrant leeches
  12 hippogriffs
  2 jumping spiders
  22 hornets
  9 slime creatures
  3 large abominations (Swamp:4)
  27 blink frogs
  14 bog bodies
  A hippogriff (shapeshifter) (D:14)
  A meliai zombie (D:12)
  A stone giant simulacrum (Vaults:2)
  5 spriggans
  A centaur simulacrum (D:14)
  5 shadows
  A tarantella (Vaults:4)
  4 redbacks
  2 wyverns
  6 wraiths
  6 basilisks
  3 vampires
  63 yaks
  Eustachio (D:5)
  A steam dragon (shapeshifter) (D:14)
  3 hogs (D:13)
  14 vampire mosquitoes
  13 swamp worms
  5 wargs
  22 insubstantial wisps
  6 acid dragons
  43 nagas
  3 small abominations (Gauntlet)
  A soldier ant (D:10)
  A soldier ant (shapeshifter) (Snake:4)
  A slave (D:7)
  14 water moccasins
  A deep troll skeleton (Vaults:2)
  10 porcupines
  35 orc warriors
  3 phantoms
  5 swamp drakes
  13 killer bees
  18 ice beasts
  A black bear (D:11)
  5 sky beasts
  An ogre (shapeshifter) (Vaults:2)
  6 boggarts
  40 ogres
  14 wolves
  2 eyes of draining
  15 centaurs
  11 crocodiles
  4 human skeletons (Vaults:2)
  A human zombie (Vaults:2)
  2 big kobolds
  A gnoll sergeant (D:12)
  15 bullfrogs
  8 scorpions
  A scorpion (shapeshifter) (D:14)
  A hornet simulacrum (Vaults:1)
  10 wights (D:11)
  2 human simulacra
  6 electric eels
  9 howler monkeys
  6 crimson imps
  A bullfrog zombie (D:6)
  2 quasits
  3 hounds
  23 orc wizards
  2 jellies
  5 bullfrog skeletons
  17 orc priests
  4 centaur skeletons
  4 iguanas
  Ijyb (D:3)
  Natasha (D:3)
  13 worker ants
  A hound zombie (D:5)
  20 adders
  19 gnolls
  6 shadow imps
  4 white imps
  2 oozes
  An adder skeleton (D:5)
  4 worms
  A dart slug (D:1)
  5 leopard geckos
  82 orcs
  2 ball pythons
  7 bats
  4 giant cockroaches
  20 goblins
  17 hobgoblins
  13 jackals
  3 quokkas
  2 frilled lizards (D:5)
  9 kobolds
  2 rats
  A butterfly (Lair:1)
  A plant (Lair:6)
1430 creatures vanquished.

Vanquished Creatures (collateral kills)
  A fire giant (Vaults:3)
  2 vault wardens
  3 yaktaur captains
  2 two-headed ogres (Orc:2)
  An orc high priest (Bailey)
  A spriggan (Swamp:3)
  An ironbrand convoker (Vaults:1)
  2 deep elf magi (Orc:1)
  An ugly thing (Swamp:4)
  A salamander (Snake:3)
  A vault sentinel (Vaults:3)
  2 naga magi
  An orange demon (Swamp:4)
  A guardian serpent (Snake:3)
  2 yaktaurs
  A queen bee (Snake:3)
  A slave (D:8)
  A hornet (Swamp:3)
  A yak (D:9)
  7 nagas
  A warg (Vaults:2)
  A swamp worm (Swamp:4)
  2 insubstantial wisps (Swamp:3)
  2 orc warriors
  5 ogres
  3 boggarts
  A centaur (D:7)
  An iguana (D:9)
  3 orc wizards (Orc:1)
  A worker ant (D:8)
  3 orcs
  A hobgoblin (Bailey)
  3 goblins (Bailey)
60 creatures vanquished.

Vanquished Creatures (others)
  An ironheart preserver (Vaults:4)
  A stone giant (Vaults:1)
  A naga warrior (Snake:4)
  3 dancing weapons
  A two-headed ogre (D:9)
  A naga sharpshooter (Snake:4)
  2 black mambas (Snake:4)
  Psyche (D:8)
  10 yaktaurs
  A spiny frog (Swamp:3)
  A polar bear (IceCv)
  A tyrant leech (Swamp:1)
  A shadow (Swamp:1)
  A wyvern (D:9)
  A vampire mosquito (Swamp:3)
  A warg (Orc:2)
  An ogre (Vaults:4)
  A centaur (Vaults:4)
  A big kobold (D:9)
  A scorpion (D:9)
  3 killer bees
  An orc wizard (Orc:2)
  A bullfrog skeleton (D:9)
  An iguana (D:9)
  A gnoll (D:9)
  An adder (D:9)
  An orc (Orc:1)
  9 fungi
  17 plants
67 creatures vanquished.

Grand Total: 1557 creatures vanquished

Notes
Turn   | Place    | Note
-------+----------+-------------------------------------------
     0 | D:1      | EnegeticOcto the Mummy Chaos Knight began the quest for the
                  | Orb.
     0 | D:1      | Reached XP level 1. HP: 18/18 MP: 1/1
   109 | D:1      | XOM: potion effect (might)
   168 | D:1      | Reached XP level 2. HP: 24/24 MP: 2/2
   338 | D:1      | Found a shattered altar of Ashenzari.
   378 | D:1      | XOM: harmless Fire miscast
   664 | D:1      | Reached XP level 3. HP: 30/30 MP: 3/3
   817 | D:2      | XOM: smoke on damage
   820 | D:2      | XOM: cleaving
   823 | D:2      | XOM: smoke on damage
   841 | D:2      | XOM: god gift: wand of enslavement (8)
   886 | D:1      | XOM: god gift: long smoking staff {god gift}
   994 | D:1      | XOM: mild Air miscast
  1280 | D:2      | XOM is BORED!
  1280 | D:2      | XOM: summons 1 hostile shadow creature
  1321 | D:2      | Reached XP level 4. HP: 38/38 MP: 4/4
  1437 | D:2      | Reached skill level 5 in Fighting
  1457 | D:2      | Found a shadowy altar of Dithmenos.
  1525 | D:2      | XOM: cloud trail
  1628 | D:2      | Reached skill level 1 in Short Blades
  1916 | D:2      | Reached XP level 5. HP: 20/44 MP: 0/5
  2048 | D:2      | XOM: medium Erth miscast
  2139 | D:2      | XOM: god gift: viscous black potion {god gift}
  2195 | D:3      | Noticed Natasha
  2208 | D:3      | Killed Natasha
  2708 | D:3      | Noticed a -1 dagger
  2709 | D:3      | Found a hide-covered altar of Uskayaw.
  2713 | D:3      | Noticed Ijyb
  2718 | D:3      | Noticed a -2 dagger
  2721 | D:3      | XOM: fog
  2731 | D:3      | XOM: confusion (+ monsters)
  2761 | D:3      | Found a sparkling altar of Nemelex Xobeh.
  2786 | D:3      | Killed Ijyb
  2786 | D:3      | Reached XP level 6. HP: 50/52 MP: 6/6
  3036 | D:3      | Found a deep blue altar of Sif Muna.
  3043 | D:3      | Found a glowing silver altar of Zin.
  3152 | D:3      | XOM: noise
  3209 | D:4      | Found a staircase to the Ecumenical Temple.
  3443 | D:4      | Found a blossoming altar of Fedhas.
  3466 | D:4      | Noticed Grinder
  3481 | D:4      | Killed Grinder
  3481 | D:4      | Reached skill level 1 in Evocations
  3481 | D:4      | Reached XP level 7. HP: 59/59 MP: 6/8
  3658 | D:4      | XOM: harmless Ice miscast
  3959 | D:4      | Got an ivory rapier
  3960 | D:4      | Identified the cursed +1 rapier of Popular Demand {freeze,
                  | MR+} (You found it on level 4 of the Dungeon)
  3978 | D:5      | Entered Level 5 of the Dungeon
  4377 | D:5      | Noticed Eustachio
  4400 | D:5      | XOM: confusion
  4414 | D:5      | Killed Eustachio
  4623 | D:5      | XOM: fake destruction
  4897 | D:5      | XOM: divination: magic mapping
  5456 | D:5      | Reached skill level 1 in Shields
  5456 | D:5      | Reached XP level 8. HP: 53/68 MP: 9/9
  5501 | D:5      | XOM is BORED!
  5501 | D:5      | XOM: mild Erth miscast
  5528 | D:5      | Found an opulent altar of Gozag.
  5529 | D:5      | Found a sparkling altar of Nemelex Xobeh.
  5529 | D:5      | XOM: enchant monster (good)
  5616 | D:5      | XOM: scenery: create altars
  5766 | D:6      | XOM: enchant monster (good)
  5793 | D:6      | XOM: cloud trail
  5951 | D:6      | Found Onoa's Antique Armour Shoppe.
  6071 | D:6      | XOM: 2-stop teleportation journey
  6115 | D:6      | XOM: god gift: pair of glowing boots {god gift}
  6281 | D:6      | XOM: 6-stop teleportation journey
  6420 | D:6      | XOM: fog
  6505 | D:7      | XOM: summons 4 hostile shadow creatures
  6513 | D:7      | XOM: confuse monster(s)
  6691 | D:7      | Found a white marble altar of Elyvilon.
  6758 | D:7      | Found a bloodstained altar of Trog.
  6759 | D:7      | Found a blossoming altar of Fedhas.
  6759 | D:7      | Found a radiant altar of Vehumet.
  6763 | D:7      | Found a snail-covered altar of Cheibriados.
  6764 | D:7      | Found a shattered altar of Ashenzari.
  6850 | D:7      | XOM: summons 7 friendly demons
  6979 | D:7      | XOM: summons friendly white imp
  7184 | D:7      | Noticed a troll
  7192 | D:7      | Killed a troll
  7192 | D:7      | Reached XP level 9. HP: 72/78 MP: 10/10
  7311 | D:7      | XOM: god gift: 25 stones
  7416 | D:7      | XOM: divination: detect items
  7581 | D:8      | XOM: enchant monster (bad)
  7588 | D:8      | Reached skill level 10 in Fighting
  7593 | D:8      | Noticed Pikel
  7598 | D:8      | Noticed Psyche
  7649 | D:8      | Found Sunasosi's Assorted Antiques.
  7658 | D:8      | Bought a shimmering helmet for 218 gold pieces
  7663 | D:8      | Identified the +0 helmet of Rusky {rC+ Str+6 Stlth+} (You
                  | bought it in a shop on level 8 of the Dungeon)
  7668 | D:8      | Found Carysh's Antique Weapon Shop.
  7689 | D:8      | Your ally died
  7699 | D:8      | XOM: summons 2 friendly demons
  7711 | D:8      | XOM: summons 7 friendly demons
  7730 | D:8      | Killed Pikel
  7811 | D:8      | XOM: confuse monster(s)
  7874 | D:8      | XOM: 4-stop teleportation journey
  7920 | D:8      | Found Roucau's Assorted Antiques.
  8044 | D:8      | Reached skill level 1 in Dodging
  8051 | D:8      | XOM: chaos cloud
  8153 | D:8      | Found Ecwoghor's Magic Scroll Emporium.
  8322 | D:9      | Found Kipn's Antique Armour Shop.
  8335 | D:9      | XOM: destruction
  8401 | D:9      | Found a shimmering altar of Xom.
  8402 | D:9      | XOM: harmless Tloc miscast
  8448 | D:9      | XOM: enchant monster (good)
  8451 | D:9      | Reached skill level 5 in Shields
  8452 | D:9      | XOM: potion effect (invisibility)
  8454 | D:9      | Killed a two-headed ogre
  8464 | D:9      | Reached XP level 10. HP: 69/88 MP: 11/11
  8613 | D:9      | Found Iklonethru's Book Boutique.
  8616 | D:9      | Found Nianty's Armour Shoppe.
  8682 | D:9      | XOM: cast spell 'Olgreb's Toxic Radiance'
  8803 | D:8      | Bought a polished morningstar for 162 gold pieces
  8803 | D:8      | Identified the +6 morningstar of Bodily Humours {drain,
                  | *Rage +Blink Dex+7} (You bought it in a shop on level 8 of
                  | the Dungeon)
  8975 | D:9      | Found Quve's Food Emporium.
  8985 | D:9      | Reached skill level 1 in Maces & Flails
  8986 | D:9      | XOM: divination: magic mapping
  9004 | D:9      | XOM: divination: detect creatures
  9052 | D:9      | XOM: cloud trail
  9127 | D:10     | Entered Level 10 of the Dungeon
  9146 | D:10     | Reached skill level 5 in Dodging
  9166 | D:10     | Noticed a gargoyle
  9175 | D:10     | Killed a gargoyle
  9318 | D:10     | XOM: god gift: glaive {god gift}
  9428 | D:10     | Found a staircase to the Orcish Mines.
  9451 | D:10     | XOM: noise
  9467 | D:10     | Reached XP level 11. HP: 75/93 MP: 12/12
  9491 | D:10     | XOM: harmless Pois miscast
  9616 | D:10     | Reached skill level 5 in Maces & Flails
  9689 | D:10     | XOM: god gift: gold wand {god gift}
  9788 | D:10     | Found a roughly hewn altar of Beogh.
  9900 | D:11     | XOM: enchant monster (good)
  9910 | D:11     | XOM: enchant monster (good)
  9959 | D:11     | XOM: noise
  9974 | D:11     | Found a flagged portal.
  9996 | D:11     | XOM: smoke on damage
 10021 | Bailey   | Entered a bailey
 10155 | Bailey   | Found an iron altar of Okawaru.
 10155 | Bailey   | Noticed an orc high priest
 10158 | Bailey   | Noticed a sixfirhy
 10164 | Bailey   | XOM: cleaving
 10164 | Bailey   | Killed an orc high priest
 10208 | Bailey   | XOM: scenery: 2 doors open
 10249 | Bailey   | XOM: harmless Ice miscast
 10439 | Bailey   | Got a spiked scale mail
 10640 | Bailey   | XOM: cloud trail
 10708 | D:11     | XOM: god gift: 1130 gold pieces
 10713 | D:11     | Noticed Josephine
 10829 | D:9      | Bought shiny fire dragon scales for 1323 gold pieces
 10902 | D:8      | Bought a scroll of immolation for 45 gold pieces
 10902 | D:8      | Bought a scroll of identify for 26 gold pieces
 10902 | D:8      | Bought a scroll of identify for 26 gold pieces
 10904 | D:8      | Bought a scroll of teleportation for 39 gold pieces
 10904 | D:8      | Bought a scroll of teleportation for 39 gold pieces
 10904 | D:8      | Bought a scroll of fog for 26 gold pieces
 11013 | D:11     | Found a huge runed translucent gate.
 11015 | D:11     | Found a huge runed translucent gate.
 11015 | D:11     | Found a huge runed translucent gate.
 11015 | D:11     | Found a huge runed translucent gate.
 11015 | D:11     | Noticed Grum
 11220 | D:11     | XOM: cloud trail
 11344 | D:11     | Noticed a two-headed ogre
 11358 | D:11     | Killed a two-headed ogre
 11468 | D:11     | XOM: scenery: create altars
 11536 | D:11     | XOM: noise
 11553 | D:11     | XOM: scenery: create altars
 11661 | D:11     | XOM: scenery: create altars
 11803 | D:11     | XOM: 3-stop teleportation journey
 11818 | D:11     | XOM: 3-stop teleportation journey
 11831 | D:11     | Killed Josephine
 12012 | D:11     | Found a staircase to the Lair.
 12075 | D:11     | Noticed Harold
 12081 | D:11     | XOM: cast spell 'Ring of Flames'
 12083 | D:11     | Killed Harold
 12083 | D:11     | Reached XP level 12. HP: 96/100 MP: 13/13
 12090 | D:11     | XOM: silly message
 12341 | Lair:1   | Entered Level 1 of the Lair of Beasts
 12512 | Lair:1   | XOM: destruction
 12554 | Lair:1   | XOM: mild Fire miscast
 12566 | Lair:1   | XOM: mild Necr miscast
 12660 | Lair:1   | Noticed Fannar
 12675 | Lair:1   | XOM: summons 4 friendly demons
 12686 | Lair:1   | Killed Fannar
 13580 | Lair:2   | Noticed Sonja
 13608 | Lair:2   | Killed Sonja
 14059 | Lair:2   | XOM: summons 3 friendly demons
 14062 | Lair:2   | XOM: repel stairs
 14067 | Lair:2   | XOM: summons friendly shadow imp
 14093 | Lair:2   | XOM: noise
 14223 | Lair:2   | XOM: silly message
 14591 | Lair:2   | Found a staircase to the Swamp.
 14970 | Lair:2   | XOM: silly message
 15162 | Lair:3   | Found a frozen archway.
 15179 | Lair:3   | Reached skill level 10 in Maces & Flails
 15200 | Lair:3   | XOM: potion effect (invisibility)
 15208 | IceCv    | Entered an ice cave
 15300 | IceCv    | XOM: potion effect (might)
 15529 | IceCv    | Gained mutation: You are in touch with the powers of death.
                  | [Mummy growth]
 15529 | IceCv    | Reached XP level 13. HP: 96/106 MP: 16/16
 15872 | IceCv    | XOM: divination: detect creatures
 15985 | IceCv    | XOM: harmless Ice miscast
 15990 | IceCv    | XOM: divination: magic mapping
 15991 | IceCv    | XOM: harmless Ice miscast
 16186 | IceCv    | Noticed a frost giant
 16192 | IceCv    | XOM: cast spell 'Summon Small Mammal'
 16201 | IceCv    | XOM: butterfly on damage
 16202 | IceCv    | Killed a frost giant
 16358 | IceCv    | XOM: noise
 16371 | IceCv    | XOM: enchant monster (good)
 16468 | IceCv    | XOM: god gift: wand of scattershot (5)
 16575 | IceCv    | XOM: god gift: 8 silver javelins
 16742 | Lair:3   | XOM: summons 2 hostile shadow creatures
 16789 | Lair:3   | XOM: medium Air miscast
 16798 | Lair:3   | XOM: polymorph blink frog -> sky beast
 16808 | Lair:3   | XOM: medium Fire miscast
 16842 | Lair:3   | XOM: harmless Fire miscast
 16938 | Lair:3   | XOM: mild Fire miscast
 17241 | Lair:1   | XOM: mild Necr miscast
 17294 | D:9      | Bought a book of Callings for 510 gold pieces
 17299 | D:9      | Learned a level 4 spell: Summon Lightning Spire
 17373 | Lair:2   | XOM: silly message
 17383 | Lair:3   | XOM: confuse monster(s)
 17607 | Lair:3   | XOM: cloud trail
 17683 | Lair:3   | Reached skill level 1 in Spellcasting
 17762 | Lair:3   | Found a shimmering altar of Xom.
 17772 | Lair:3   | XOM: potion effect (brilliance)
 17842 | Lair:3   | Reached skill level 1 in Air Magic
 17855 | Lair:3   | XOM: harmless Tmut miscast
 17895 | Lair:3   | Reached skill level 1 in Summonings
 18255 | Lair:4   | Found a gate leading to a gauntlet.
 18264 | Gauntlet | XOM: noise
 18264 | Gauntlet | Entered a Gauntlet
 18264 | Gauntlet | Found a transporter.
 18264 | Gauntlet | Found a transporter.
 18273 | Gauntlet | Found a transporter.
 18276 | Gauntlet | Found a transporter.
 18284 | Gauntlet | Found a transporter.
 18288 | Gauntlet | Found a transporter.
 18296 | Gauntlet | Found a transporter.
 18312 | Gauntlet | Found a transporter.
 18329 | Gauntlet | Found a transporter.
 18330 | Gauntlet | Found a transporter.
 18338 | Gauntlet | Found a transporter.
 18342 | Gauntlet | Found a transporter.
 18482 | Gauntlet | XOM: divination: detect items
 18569 | Gauntlet | Reached skill level 5 in Armour
 18583 | Gauntlet | Identified Nuint's Guide on Supportive Dislocation
 18623 | Gauntlet | Reached skill level 10 in Shields
 18635 | Gauntlet | Got a scorched lapis lazuli ring
 18640 | Gauntlet | Identified the ring "Omeen" {Wiz SInv} (You found it in a
                  | Gauntlet)
 18724 | Gauntlet | Noticed a minotaur
 18728 | Gauntlet | XOM: potion effect (might)
 18733 | Gauntlet | Killed a minotaur
 18851 | Lair:4   | XOM: divination: detect creatures
 18913 | Lair:4   | Found a staircase to the Snake Pit.
 18971 | Lair:4   | XOM: divination: detect items
 19268 | Lair:4   | XOM: divination: detect creatures
 19378 | Lair:4   | XOM: divination: detect items
 19443 | Lair:5   | XOM: silly message
 19736 | Lair:5   | XOM: divination: detect items
 19940 | Lair:5   | Found a runed translucent door.
 20164 | Lair:5   | Got a bound lapis lazuli ring
 20166 | Lair:5   | Identified the ring "Affashis" {-Tele MP+9 Dex+10} (You
                  | found it on level 5 of the Lair of Beasts)
 20402 | Lair:5   | Found a viscous altar of Jiyva.
 20403 | Lair:5   | Found a staircase to the Slime Pits.
 20403 | Lair:5   | Noticed an acid blob
 20543 | Lair:6   | XOM: stealth player
 20543 | Lair:6   | Entered Level 6 of the Lair of Beasts
 20554 | Lair:6   | XOM: summons friendly crimson imp
 20597 | Lair:6   | XOM: summons friendly ufetubus
 20607 | Lair:5   | XOM: scenery: 1 fountains blood, 1 doors open
 20777 | Lair:6   | XOM: summons 4 hostile shadow creatures
 20856 | Lair:6   | XOM: cast spell 'Summon Small Mammal'
 20867 | Lair:5   | Reached XP level 14. HP: 112/113 MP: 20/20
 20988 | Lair:5   | XOM: summons friendly crimson imp
 20992 | Lair:5   | XOM: enchant monster (good)
 21298 | Lair:6   | XOM: summons 2 hostile shadow creatures
 21303 | Lair:6   | XOM: summons friendly white imp
 21605 | Lair:6   | XOM: summons friendly ufetubus
 21975 | Lair:6   | Got a glittering turquoise ring
 22001 | Lair:6   | XOM: scenery: create altars
 22006 | Lair:6   | Identified the ring "Zeunk" {rPois Slay+2} (You found it on
                  | level 6 of the Lair of Beasts)
 22207 | Lair:6   | XOM: god gift: club {god gift}
 22212 | Lair:6   | Reached skill level 5 in Spellcasting
 22265 | Lair:6   | XOM: divination: detect creatures
 22460 | Lair:6   | XOM: cast spell 'Discord'
 22645 | Lair:6   | XOM: mild Summ miscast
 22663 | Lair:6   | XOM: silly message
 22698 | Lair:6   | XOM: potion effect (might)
 22725 | Lair:6   | XOM: noise
 22822 | Lair:6   | XOM: harmless Tmut miscast
 22870 | Lair:6   | XOM: mild Tmut miscast
 23100 | Lair:6   | XOM: divination: detect items
 23222 | Lair:6   | XOM: divination: detect items
 23229 | Lair:6   | XOM: potion effect (curing)
 23354 | Lair:6   | XOM: harmless Air miscast
 23524 | Lair:6   | XOM: noise
 23764 | Lair:6   | XOM: medium Fire miscast
 23993 | Lair:6   | XOM: god gift: 3 scrolls of amnesia
 24695 | D:12     | Found a glowing golden altar of the Shining One.
 24855 | D:12     | XOM is BORED!
 24915 | D:12     | Learned a level 2 spell: Sticks to Snakes
 24978 | D:13     | XOM: stealth player
 25050 | D:13     | XOM: scenery: 1 doors close
 25431 | D:13     | Noticed Kirke
 25441 | D:13     | XOM: medium Hex miscast
 25688 | D:13     | XOM: medium Tmut miscast
 25692 | D:13     | XOM: potion effect (invisibility)
 25857 | D:13     | XOM: divination: detect creatures
 26106 | D:13     | Killed Kirke
 26167 | D:13     | XOM: harmless Erth miscast
 26280 | D:13     | XOM: enchant monster (good)
 26386 | D:13     | XOM: summons 3 hostile demons
 26541 | D:14     | Noticed Rupert
 26545 | D:14     | XOM: confusion (+ monsters)
 26546 | D:14     | XOM: cast spell 'Ring of Flames'
 26549 | D:14     | XOM: divination: detect items
 26552 | D:14     | XOM: harmless Tloc miscast
 26565 | D:14     | Killed Rupert
 26565 | D:14     | Reached skill level 5 in Summonings
 26565 | D:14     | Reached skill level 5 in Air Magic
 26612 | D:14     | Reached XP level 15. HP: 119/119 MP: 22/22
 26694 | D:14     | Noticed Agnes
 26705 | D:14     | Killed Agnes
 26765 | D:14     | Identified Roxanne's Handbook of Transformation
 26765 | D:14     | Noticed Roxanne
 27126 | D:14     | Found a gate to the Vaults.
 27339 | D:14     | XOM: enchant monster (bad)
 27346 | D:14     | XOM: fog
 27352 | D:14     | XOM: smoke on damage
 27385 | D:14     | XOM: cleaving
 27719 | D:14     | Got a glittering golden ring
 27722 | D:14     | Identified the ring "Adutit" {-Tele +Inv +Fly Str+2 Dex+2}
                  | (You found it on level 14 of the Dungeon)
 27740 | D:14     | XOM: confusion
 28337 | D:15     | Entered Level 15 of the Dungeon
 28341 | D:15     | XOM: cloud trail
 28492 | D:15     | XOM: cloud trail
 28567 | D:15     | XOM: scenery: create altars
 28668 | D:14     | XOM: silly message
 28924 | D:15     | XOM: scenery: create altars
 28935 | D:15     | XOM: swap monsters
 29184 | D:15     | XOM: mild Tloc miscast
 29292 | D:15     | XOM: mild Chrm miscast
 29309 | D:15     | XOM: harmless Summ miscast
 29451 | D:15     | XOM is BORED!
 29451 | D:15     | XOM: noise
 29640 | D:15     | XOM: medium Summ miscast
 29967 | D:15     | Found a staircase to the Depths.
 30211 | Orc:1    | Entered Level 1 of the Orcish Mines
 30304 | Orc:1    | XOM: summons 7 friendly demons
 30318 | Orc:1    | XOM: scenery: create altars
 30342 | Orc:1    | XOM: divine lightning
 30426 | Orc:1    | XOM: mild Ice miscast
 30566 | Orc:1    | XOM: summons 15 friendly demons
 30697 | Orc:1    | XOM: cloud trail
 30817 | Orc:1    | XOM: enchant monster (good)
 30873 | Orc:1    | XOM: scenery: create altars
 30932 | Orc:1    | XOM: cloud trail
 30968 | Orc:1    | XOM is BORED!
 30968 | Orc:1    | XOM: medium Pois miscast
 31008 | Orc:2    | Entered Level 2 of the Orcish Mines
 31145 | Orc:2    | Noticed an orc warlord
 31161 | Orc:2    | an orc warlord changed into a shapeshifter
 31161 | Orc:2    | XOM: polymorph orc warlord -> shapeshifter
 31269 | Orc:2    | XOM: divination: detect creatures
 31302 | Orc:2    | XOM: cast spell 'Monstrous Menagerie'
 31375 | Orc:2    | XOM: scenery: create altars
 31377 | Orc:2    | Reached XP level 16. HP: 105/125 MP: 23/23
 31379 | Orc:2    | XOM: summons 2 hostile shadow creatures
 31407 | Orc:1    | XOM: summons 3 hostile shadow creatures
 31759 | Orc:2    | Found Jaseff's Distillery.
 31759 | Orc:2    | Found Letweol's Antique Armour Emporium.
 31760 | Orc:2    | Found Qotudun's Armour Emporium.
 31760 | Orc:2    | Found Naunisou's Distillery.
 31786 | Orc:2    | Found a staircase to the Elven Halls.
 31811 | Orc:2    | XOM: enchant monster (good)
 31819 | Orc:2    | XOM: cast spell 'Disjunction'
 31845 | Orc:2    | XOM: harmless Conj miscast
 31909 | Orc:2    | XOM: harmless Erth miscast
 31991 | Orc:2    | XOM: divination: magic mapping
 32027 | Orc:2    | XOM: divination: detect items
 32044 | Orc:2    | XOM: divination: detect creatures
 32124 | Orc:2    | XOM: harmless Hex miscast
 32129 | Orc:2    | XOM: potion effect (haste)
 32302 | Orc:2    | XOM: harmless Conj miscast
 32325 | Orc:2    | XOM: harmless Tloc miscast
 32405 | Orc:2    | XOM: god gift: ration
 32586 | Lair:1   | XOM: divination: detect items
 32724 | Swamp:1  | Entered Level 1 of the Swamp
 32754 | Swamp:1  | XOM: divination: detect items
 33146 | Swamp:1  | XOM: god gift: scroll of enchant weapon
 33211 | Swamp:1  | XOM: harmless Conj miscast
 33224 | Swamp:1  | XOM: medium Ice miscast
 33225 | Swamp:1  | XOM: harmless Summ miscast
 33247 | Swamp:1  | XOM: harmless Erth miscast
 33433 | D:8      | Bought 2 scrolls of fog for 80 gold pieces
 33433 | D:8      | Bought a paperback book for 300 gold pieces
 33433 | D:8      | Bought a wand of random effects (21) for 20 gold pieces
 33439 | D:8      | Learned a level 5 spell: Borgnjor's Vile Clutch
 33443 | D:8      | Learned a level 3 spell: Spectral Weapon
 33721 | Swamp:1  | XOM: severe Fire miscast
 33759 | Swamp:1  | XOM: chaos cloud
 33761 | Swamp:1  | XOM: silly message
 33771 | Swamp:1  | XOM: chaos cloud
 33964 | Swamp:1  | XOM: polymorph alligator -> something unseen
 34177 | Swamp:1  | XOM: mild Air miscast
 34515 | Swamp:1  | XOM: mild Summ miscast
 34532 | Swamp:1  | XOM: divination: magic mapping
 34591 | Swamp:2  | Noticed Frances
 34790 | Swamp:2  | XOM: potion effect (brilliance)
 34928 | Swamp:2  | XOM: noise
 34934 | Swamp:2  | XOM: confuse monster(s)
 35037 | Swamp:2  | XOM: enchant monster (good)
 35038 | Swamp:2  | XOM: enchant monster (good)
 35078 | Swamp:1  | XOM: medium Pois miscast
 35087 | Swamp:2  | XOM: confuse monster(s)
 35092 | Swamp:2  | Killed Frances
 35145 | Swamp:1  | XOM: harmless Tmut miscast
 35211 | Swamp:1  | XOM: harmless Summ miscast
 35419 | Swamp:2  | XOM: divination: magic mapping
 35487 | Swamp:2  | XOM: polymorph swamp drake -> hound
 35724 | Swamp:2  | XOM: god gift: shiny centaur barding {god gift}
 36071 | Swamp:3  | XOM: enchant monster (good)
 36083 | Swamp:3  | XOM: summons friendly iron imp
 36085 | Swamp:3  | XOM: noise
 36091 | Swamp:3  | XOM: enchant monster (good)
 36561 | Swamp:3  | XOM: harmless Conj miscast
 36691 | Swamp:4  | Entered Level 4 of the Swamp
 36904 | Swamp:3  | XOM: mild Chrm miscast
 37260 | Swamp:4  | XOM: confuse monster(s)
 37266 | Swamp:4  | XOM: potion effect (heal wounds)
 37809 | Swamp:3  | XOM: harmless Hex miscast
 38089 | Swamp:3  | XOM: god gift: curved runed staff {god gift}
 38290 | Swamp:4  | XOM: destruction
 38388 | Swamp:4  | XOM: confuse monster(s)
 38399 | Swamp:4  | XOM: harmless Chrm miscast
 38510 | Swamp:4  | Reached XP level 17. HP: 113/131 MP: 24/24
 38971 | Swamp:3  | XOM: medium Ice miscast
 39390 | Swamp:4  | XOM: summons 6 hostile demons
 39410 | Swamp:4  | XOM: blink monster(s)
 39421 | Swamp:4  | Noticed a tentacled monstrosity
 39426 | Swamp:4  | XOM: confusion (+ monsters)
 39430 | Swamp:4  | XOM: confusion
 39434 | Swamp:4  | XOM: polymorph green death -> cacodemon
 39724 | Swamp:4  | XOM: summons 8 hostile demons
 39787 | Swamp:4  | XOM: stat loss: -1 Dex (21/22)
 39789 | Swamp:4  | XOM: confusion (+ monsters)
 39798 | Swamp:4  | Killed a tentacled monstrosity
 39985 | Swamp:4  | XOM: polymorph cyan ugly thing -> brown ugly thing
 40032 | Swamp:4  | Got a decaying rune of Zot
 40103 | Swamp:4  | XOM: mild Ice miscast
 40271 | Snake:1  | Entered Level 1 of the Snake Pit
 40487 | Snake:1  | XOM: harmless Chrm miscast
 40769 | Snake:1  | XOM: mild Hex miscast
 41186 | Snake:1  | XOM: harmless Chrm miscast
 41188 | Snake:1  | XOM: polymorph black mamba -> yaktaur
 41518 | Snake:1  | Noticed Jorgrun
 41529 | Snake:1  | XOM: scenery: create altars
 41539 | Snake:1  | XOM: harmless Air miscast
 41540 | Snake:1  | XOM: mild Erth miscast
 41637 | Lair:4   | XOM: harmless Tmut miscast
 41726 | Snake:1  | Killed Jorgrun
 42100 | Snake:2  | Reached skill level 15 in Maces & Flails
 42227 | Snake:2  | XOM: silly message
 42383 | Snake:2  | XOM: divination: detect creatures
 42430 | Snake:2  | XOM: harmless Summ miscast
 42438 | Snake:2  | XOM: harmless Pois miscast
 42463 | Snake:2  | XOM: medium Tloc miscast
 42547 | Snake:2  | XOM: polymorph naga mage -> eye of draining
 42875 | Snake:2  | XOM: harmless Pois miscast
 42902 | Snake:2  | XOM: mild Pois miscast
 43076 | Snake:2  | XOM: noise
 43386 | Snake:3  | XOM: enchant monster (good)
 43708 | Snake:3  | XOM: polymorph naga warrior -> shock serpent
 44281 | Snake:3  | XOM: snakes to sticks
 44358 | Snake:2  | XOM: god gift: 7 rations
 44789 | Snake:3  | Found Quvumor's Antique Armour Boutique.
 44789 | Snake:3  | Found Qooduf's Antique Armour Shop.
 44797 | Snake:3  | Bought a shiny large shield for 262 gold pieces
 44814 | Snake:3  | XOM: polymorph naga mage -> queen bee
 44821 | Snake:3  | XOM: divination: magic mapping
 44852 | Snake:3  | XOM: god gift: 14 gold pieces
 45009 | Snake:3  | Reached XP level 18. HP: 80/142 MP: 25/25
 45305 | Snake:3  | XOM: cast spell 'Call Canine Familiar'
 45360 | Snake:3  | XOM: polymorph guardian serpent -> jumping spider
 45943 | Snake:4  | Entered Level 4 of the Snake Pit
 45943 | Snake:4  | XOM: repel stairs
 45946 | Snake:4  | XOM: summons friendly white imp
 45964 | Snake:3  | XOM: cloud trail
 46184 | Snake:4  | XOM: divine lightning
 46243 | Snake:3  | XOM: god gift: 47 gold pieces
 46782 | Snake:4  | Found a transporter.
 46788 | Snake:4  | Found a transporter.
 46795 | Snake:4  | Found a bloodstained altar of Trog.
 46796 | Snake:4  | Identified the +8 mace of Guex Dae {antimagic, Stlth+}
 46796 | Snake:4  | Noticed xsansara's ghost (adept HOGl)
 46812 | Snake:4  | Identified the +3 great sword of the Orb {flame, Int+4
                  | Dex+2}
 46921 | Snake:4  | XOM: divine lightning
 46924 | Snake:4  | XOM: polymorph salamander -> jumping spider
 46944 | Snake:4  | XOM: divination: detect creatures
 46986 | Snake:4  | XOM: divination: magic mapping
 47142 | Snake:4  | XOM: harmless Summ miscast
 47311 | Snake:4  | XOM: enchant monster (good)
 47438 | Snake:4  | XOM: medium Hex miscast
 47758 | Snake:4  | XOM: enchant monster (bad)
 47865 | Snake:4  | XOM: polymorph naga -> shapeshifter
 48006 | Snake:4  | XOM: noise
 48044 | Snake:4  | Noticed Saint Roka
 48055 | Snake:4  | Killed Saint Roka
 48055 | Snake:4  | Reached skill level 10 in Air Magic
 48056 | Snake:4  | Reached skill level 10 in Summonings
 48828 | Snake:4  | XOM: summons 1 hostile shadow creature
 48840 | Snake:4  | XOM: polymorph nagaraja -> dire elephant
 49004 | Snake:4  | XOM: confuse monster(s)
 49199 | Snake:4  | XOM: mild Hex miscast
 49202 | Snake:4  | XOM: medium Fire miscast
 49226 | Snake:4  | Got a serpentine rune of Zot
 49275 | Snake:4  | XOM: potion effect (agility)
 49668 | Vaults:1 | Entered Level 1 of the Vaults
 49685 | Vaults:1 | Found Silonae's Weapon Boutique.
 50011 | Vaults:1 | XOM: cleaving
 50660 | Vaults:1 | XOM: divine lightning
 50681 | Vaults:1 | Reached skill level 15 in Shields
 50681 | Vaults:1 | Reached XP level 19. HP: 103/152 MP: 26/26
 50768 | Vaults:1 | XOM: god gift: scroll of summoning
 51269 | Vaults:1 | XOM: divination: magic mapping
 51442 | Vaults:2 | XOM: fog
 51496 | Vaults:2 | XOM: summons friendly crimson imp
 51550 | Vaults:2 | XOM: potion effect (invisibility)
 51568 | Vaults:2 | XOM: potion effect (curing)
 51569 | Vaults:2 | XOM: potion effect (curing)
 51668 | Vaults:2 | XOM: enchant monster (good)
 51680 | Vaults:2 | XOM: confuse monster(s)
 51756 | Vaults:2 | XOM: harmless Chrm miscast
 51984 | Vaults:2 | XOM: harmless Pois miscast
 52232 | Vaults:2 | Reached skill level 15 in Fighting
 52240 | Vaults:2 | XOM: potion effect (might)
 52263 | Vaults:2 | Found a staircase to the Crypt.
 52465 | Vaults:2 | XOM: harmless Summ miscast
 52649 | Vaults:2 | XOM: harmless Tmut miscast
 52668 | Vaults:2 | XOM: harmless Tmut miscast
 52680 | Vaults:2 | XOM: cast spell 'Leda's Liquefaction'
 52717 | Vaults:2 | XOM: mild Pois miscast
 52900 | Vaults:2 | Found Lalletroo's Gadget Boutique.
 52948 | Vaults:2 | XOM: harmless Tloc miscast
 53047 | Vaults:2 | Bought a wand of acid (8) for 384 gold pieces
 53047 | Vaults:2 | Bought a wand of iceblast (8) for 192 gold pieces
 53062 | Vaults:2 | XOM: smoke on damage
 53146 | Vaults:2 | XOM: summons 2 hostile shadow creatures
 53219 | Vaults:2 | XOM: cast spell 'Summon Dragon'
 53333 | Vaults:2 | XOM: scenery: 2 doors close
 53405 | Vaults:2 | XOM: enchant monster (good)
 53406 | Vaults:2 | XOM: scenery: 1 doors close
 53418 | Vaults:2 | XOM: enchant monster (good)
 53560 | Vaults:2 | XOM: potion effect (magic)
 53573 | Vaults:2 | XOM: smoke on damage
 53693 | Vaults:2 | XOM: god gift: 630 gold pieces
 53721 | Vaults:2 | XOM: divination: magic mapping
 53860 | Vaults:2 | XOM: blink monster(s)
 53908 | Vaults:2 | XOM: summons 5 hostile demons
 53989 | Vaults:2 | XOM: noise
 54054 | Vaults:2 | XOM: divination: magic mapping
 54111 | Vaults:2 | Got a pair of ancient gloves
 54112 | Vaults:2 | Identified the +2 pair of gloves "Nehy" {Stlth+} (You
                  | acquired it on level 2 of the Vaults)
 54114 | Vaults:2 | Identified the +5 shield of Pathos {*Slow rPois MR+ Dex+4}
                  | (You acquired it on level 2 of the Vaults)
 54246 | Vaults:3 | XOM: chaos upgrade
 54297 | Vaults:3 | XOM: confusion
 54332 | Vaults:3 | XOM: medium Fire miscast
 54339 | Vaults:3 | XOM: harmless Hex miscast
 54457 | Vaults:3 | Noticed Mennas
 54593 | Vaults:3 | XOM: divination: detect creatures
 55149 | Vaults:3 | Got a bloodstained helmet
 55150 | Vaults:3 | Identified the +0 helmet of Laidoome {rCorr} (You found it
                  | on level 3 of the Vaults)
 55382 | Vaults:3 | XOM: divination: detect creatures
 55405 | Vaults:3 | Reached XP level 20. HP: 99/164 MP: 29/29
 55836 | Vaults:3 | XOM: divination: detect creatures
 55838 | Vaults:3 | XOM: cast spell 'Leda's Liquefaction'
 55848 | Vaults:3 | XOM: enchant monster (good)
 55923 | Vaults:3 | Reached skill level 5 in Evocations
 56217 | Vaults:4 | Found Heboy's Food Emporium.
 56240 | Vaults:4 | Found Ruclajen's Armour Emporium.
 56241 | Vaults:4 | XOM: chaos upgrade
 56247 | Vaults:4 | Found Yhavoiwa's Distillery.
 56256 | Vaults:4 | XOM: divination: detect items
 56320 | Vaults:4 | XOM: blink monster(s)
 56462 | Vaults:4 | Found Liur's Gadget Boutique.
 56513 | Vaults:4 | Bought a wand of paralysis (8) for 150 gold pieces
 56513 | Vaults:4 | Bought a wand of scattershot (7) for 495 gold pieces
 56513 | Vaults:4 | Bought a wand of scattershot (7) for 495 gold pieces
 56513 | Vaults:4 | Bought a wand of digging (6) for 300 gold pieces
 56513 | Vaults:4 | Bought a wand of iceblast (7) for 165 gold pieces
 56513 | Vaults:4 | Bought a box of beasts for 300 gold pieces
 56513 | Vaults:4 | Bought a box of beasts for 300 gold pieces
 56530 | Vaults:4 | XOM: enchant monster (bad)
 56546 | Vaults:4 | XOM: potion effect (invisibility)
 56924 | Vaults:4 | XOM: god gift: long sword {god gift}
 57052 | Vaults:4 | XOM: scenery: 2 doors close
 57068 | Vaults:4 | XOM: divination: detect creatures
 57073 | Vaults:4 | XOM: destruction
 57146 | Vaults:4 | XOM: divination: detect items
 57147 | Vaults:4 | XOM: divine lightning
 57170 | Vaults:4 | XOM: confusion
 57173 | Vaults:4 | Noticed Xtahua
 57177 | Vaults:4 | Slain by Xtahua

Levels and vault maps discovered:
D:1:      dpeg_chamrin_arrival_tetris, layout_loops_ring,
          nicolae_ashenzari_panopticon
D:2:      layout_rooms, nicolae_dithmenos_shadow_blocks
D:3:      layout_basic, dancing_weapons_uskayaw,
          amethyst_overflow_temple_binary, first_ration,
          nemelex_lonely_heart_becter, uniq_ijyb, uniq_natasha
D:4:      layout_basic, minmay_temple_entry_statues_pillars,
          fedhas_ov_isle_minmay, uniq_grinder
D:5:      layout_basic, grunt_temple_overflow_opulence, uniq_eustachio
D:6:      layout_rooms, serial_shops, shop
D:7:      layout_loops_corners, old_standard_altar, minitemple
D:8:      layout_rooms, serial_shops, kennysheep_little_box, shop,
          nicolae_shop_crystal, nicolae_shop_crystal, uniq_psyche, uniq_pikel
D:9:      layout_rooms, xom_confusion_cloud, serial_shops, shop, shop,
          kennysheep_mini, shop
D:10:     layout_cross, minmay_orc_entry_temple_small, hangedman_pestilent_swarm
D:11:     lemuel_bear_cage, layout_basic, minmay_lair_entry_grove,
          enter_bailey_6, uniq_grum, uniq_josephine, uniq_harold
D:12:     layout_loops_ring, nicolae_tso_swordbearing_angel
D:13:     layout_gridville, uniq_kirke
D:14:     minmay_the_grid_octo_tiled_squarecenter [minmay_the_grid_octo_77,
          minmay_the_grid_octo_focus, minmay_the_grid_octo_checkered,
          minmay_the_grid_octo_toaster,
          minmay_the_grid_square_5x5_megaprize_checkered,
          minmay_the_grid_square_5x5_eight, minmay_the_grid_square_5x5_forky,
          minmay_the_grid_square_5x5_minivault,
          minmay_the_grid_square_5x5_percent], layout_irregular_city,
          lightli_vaults_fourway_checkpoint, hangedman_decor_lopped,
          serial_rivers, chequers_serial_rivers_micro_c,
          chequers_serial_rivers_marsh, chequers_serial_rivers_micro_b,
          chequers_serial_rivers_small_b, chequers_hall_statues_y,
          chequers_serial_rivers_marsh, uniq_roxanne, uniq_rupert, uniq_agnes
D:15:     grunt_enter_depths_snipers, layout_irregular_city, abandoned_shop
Lair:1:   layout_hall_layers, small_statue_intersection,
          minmay_lair_oklob_chamber, infiniplex_staircase_pool,
          lemuel_fruit_tree, grunt_megastairs_5, lemuel_fruit_fields,
          uniq_fannar
Lair:2:   layout_regular_city, nicolae_swamp_entry_splash_gauntlet,
          serial_bayou_shore_a, uniq_sonja
Lair:3:   layout_regular_city, portal_ice_cave_entry_ice_beasts,
          hangedman_lair_unloving_vines, lemuel_oklob_altar
Lair:4:   layout_cave_shapes, minmay_snake_entry_six_corridors,
          gauntlet_entry_generic, serial_bayou_pond_b, minmay_lair_drake_nest
Lair:5:   layout_small_grid, slime_altar_2, lemuel_fruit_fields,
          serial_bayou_shore_b, grunt_megastairs_2
Lair:6:   evilmike_catoblepas_cave, layout_small_grid, st_stairs_4,
          chequers_serial_rivers_micro_d, ice2_lemuel
Swamp:1:  layout_falls_marsh, evilmike_swamp_ruin_house_1
Swamp:2:  layout_falls_marsh, nicolae_swamp_fairy_circle, swamp_pool3,
          uniq_frances
Swamp:3:  layout_basic_swamp, nicolae_swamp_treefoil, swamp_pool4
Swamp:4:  swamp_vile, layout_basic_swamp
Snake:1:  layout_onion, grunt_ministairs_6, st_stairs_7, serial_bayou_shore_b,
          uniq_jorgrun
Snake:2:  layout_chambers
Snake:3:  layout_grid_shapes, minmay_shoptagon
Snake:4:  snake_pit, layout_misc_corridors, gammafunk_ghost_wrathful_warriors,
          serial_bayou_shore_b, uniq_saint_roka
Orc:1:    layout_caves, nicolae_orc_damp_corner, elves_outpost_lemuel
Orc:2:    st_orc_ogre_mass, layout_caves
Vaults:1: nicolae_vaults_network_star, v_misc_19, vaults_mumra_hex,
          vaults_room_grid, hangedman_vaults_impose,
          nicolae_vaults_little_squares_4, v_pattern_4,
          vaults_room_stairs_pillars, grunt_vaults_twisty, v_misc_2,
          nicolae_vaults_fighting_squares, vaults_dpeg_ring,
          layout_vaults_maze_bifur, serial_shops, shop
Vaults:2: v_alt_pattern_5, minmay_crypt_entry_skeletal_spiral,
          vaults_room_boxed, v_misc_5, nicolae_vaults_rhombus_7,
          nicolae_vaults_triangles, ontoclasm_vaults_gateway,
          nicolae_vaults_network_periphery, ontoclasm_vaults_hangar,
          nicolae_vaults_quartermaster, layout_vaults_omnicross, serial_shops,
          shop
Vaults:3: nicolae_vaults_inception_scallops, dpeg_vaults_pockets_of_resistance,
          vaults_room_large_hall, nicolae_vaults_disjoint_gnomons,
          nicolae_vaults_sealed_display, v_misc_3, v_misc_3,
          layout_vaults_chaotic_city, uniq_mennas
Vaults:4: v_misc_18, nicolae_vaults_little_squares_3, v_rooms_5,
          nicolae_vaults_little_ls, v_misc_12, layout_vaults_omnigrid,
          serial_shops, shop, shop, nicolae_shop_behind_doors, shop, shop,
          uniq_xtahua

Skill      XL: |  1  2  3  4  5  6  7  8  9 10 11 12 13 14 15 16 17 18 19 20 |
---------------+-------------------------------------------------------------+-----
Fighting       | 4 5 6 7 9 11 12 14 15 16 | 16.2
Short Blades   | 1 2 3 4 |  4.0
Evocations     | 1 2 4 5 |  5.5
Shields        | 1 4 5 6 8 9 10 11 12 14 15 16 | 16.4
Dodging        | 3 5 6 |  6.2
Maces & Flails | 4 8 10 11 12 13 14 15 16 | 16.0
Armour         | 4 5 6 7 |  7.0
Spellcasting   | 4 5 6 7 |  7.4
Air Magic      | 2 5 6 8 9 10 | 10.0
Summonings     | 2 5 6 8 9 10 | 10.0
Polearms       | |  2.4

Action                   |  1- 3 |  4- 6 |  7- 9 | 10-12 | 13-15 | 16-18 | 19-21 || total
-------------------------+-------+-------+-------+-------+-------+-------+-------++-------
Melee: Spear             |    57 |       |       |       |       |       |       ||    57
       Short sword       |    38 |   162 |   435 |    58 |       |       |       ||   693
       Rapier            |       |       |    38 |       |       |       |       ||    38
       Morningstar       |       |       |       |   652 |   495 |       |       ||  1147
       Eveningstar       |       |       |       |       |   941 |  1819 |   880 ||  3640
Throw: Dart              |       |       |     4 |     9 |     2 |       |       ||    15
       Throwing net      |       |       |       |       |     7 |       |     1 ||     8
 Cast: Summon Lightning  |       |       |       |       |       |    25 |     8 ||    33
 Abil: Evoke Blink       |       |       |       |       |    27 |       |       ||    27
Evoke: Wand              |       |     1 |     6 |    40 |    62 |    54 |     8 ||   171
       Lightning rod     |       |       |       |       |     8 |    11 |       ||    19
  Use: Scroll            |       |       |     8 |    13 |    19 |    17 |    11 ||    68
 Stab: Paralysed         |       |     7 |    12 |    19 |     6 |    15 |     6 ||    65
       Petrified         |       |       |     2 |       |     2 |     2 |     6 ||    12
       Confused          |       |       |     2 |       |       |     1 |       ||     3
       Sleeping          |       |       |     1 |     7 |     4 |     1 |     1 ||    14
       Invisible         |       |       |     1 |     7 |     1 |       |     8 ||    17
       Distracted        |       |       |       |     1 |     1 |     6 |     5 ||    13
Armor: Leather armour    |    31 |    57 |    70 |       |       |       |       ||   158
       Ring mail         |       |       |     8 |       |       |       |       ||     8
       Troll leather arm |       |       |    50 |    38 |       |       |       ||    88
       Fire dragon scale |       |       |       |   121 |   574 |   528 |   159 ||  1382
Dodge: Dodged            |    51 |    75 |   207 |   272 |   482 |   472 |   120 ||  1679
Block: Buckler           |       |       |    52 |       |       |       |       ||    52
       Shield            |       |       |    51 |   493 |  1053 |  1353 |       ||  2950
       Reflection        |       |       |       |       |       |   120 |    74 ||   194
       Large shield      |       |       |       |       |       |   486 |   775 ||  1261

Table legend:
 A = Non-vault XP
 B = Vault XP
 C = Vault XP percentage of total XP
 D = Non-vault monster count
 E = Vault monster count
 F = Vault count percentage of total count
                 A         B        C        D         E       F
            +---------+---------+-------+---------+---------+-------
      Total |  282616 |  232972 |  45.2 |     997 |     512 |  33.9
            +---------+---------+-------+---------+---------+-------
        D:1 |      44 |       0 |   0.0 |      21 |       0 |   0.0
        D:2 |     163 |       0 |   0.0 |      25 |       0 |   0.0
        D:3 |     130 |      72 |  35.6 |      26 |       2 |   7.1
        D:4 |     144 |     309 |  68.2 |       6 |       1 |  14.3
        D:5 |     511 |     196 |  27.7 |      18 |       1 |   5.3
        D:6 |     545 |       0 |   0.0 |      21 |       0 |   0.0
        D:7 |     924 |       0 |   0.0 |      15 |       0 |   0.0
        D:8 |     886 |     545 |  38.1 |      18 |       1 |   5.3
        D:9 |    4765 |      64 |   1.3 |      36 |       3 |   7.7
       D:10 |    1674 |    1114 |  40.0 |      14 |      13 |  48.1
       D:11 |    3874 |    4157 |  51.8 |      43 |      17 |  28.3
       D:12 |    3425 |       0 |   0.0 |      26 |       0 |   0.0
       D:13 |    9198 |    2645 |  22.3 |      40 |       4 |   9.1
       D:14 |    2381 |   19387 |  89.1 |      10 |      35 |  77.8
       D:15 |   13604 |    2360 |  14.8 |      30 |       3 |   9.1
     Lair:1 |    1403 |    1447 |  50.8 |       8 |       2 |  20.0
     Lair:2 |    6552 |    1798 |  21.5 |      27 |       6 |  18.2
     Lair:3 |    4179 |    1608 |  27.8 |      22 |       9 |  29.0
     Lair:4 |     239 |    3038 |  92.7 |       1 |      18 |  94.7
     Lair:5 |    7092 |     924 |  11.5 |      28 |       5 |  15.2
     Lair:6 |    5404 |   12373 |  69.6 |      20 |      32 |  61.5
    Swamp:1 |   17425 |       0 |   0.0 |      48 |       0 |   0.0
    Swamp:2 |    4532 |    2306 |  33.7 |      13 |       1 |   7.1
    Swamp:3 |   18998 |     901 |   4.5 |      57 |       3 |   5.0
    Swamp:4 |   12002 |   16587 |  58.0 |      32 |      26 |  44.8
    Snake:1 |   16933 |    4865 |  22.3 |      35 |       4 |  10.3
    Snake:2 |   17551 |       0 |   0.0 |      37 |       0 |   0.0
    Snake:3 |   25270 |       0 |   0.0 |      51 |       0 |   0.0
    Snake:4 |   20264 |   39466 |  66.1 |      43 |      61 |  58.7
      Orc:1 |    2543 |    4143 |  62.0 |      34 |       8 |  19.0
      Orc:2 |    3158 |   14654 |  82.3 |      46 |      37 |  44.6
   Vaults:1 |   11662 |   11329 |  49.3 |      26 |      23 |  46.9
   Vaults:2 |   22998 |   43862 |  65.6 |      56 |      71 |  55.9
   Vaults:3 |   17874 |   18313 |  50.6 |      26 |      25 |  49.0
   Vaults:4 |   24269 |    7282 |  23.1 |      38 |      13 |  25.5
     Bailey |       0 |    2605 | 100.0 |       0 |      42 | 100.0
      IceCv |       0 |    9803 | 100.0 |       0 |      35 | 100.0
   Gauntlet |       0 |    4819 | 100.0 |       0 |      11 | 100.0
            +---------+---------+-------+---------+---------+-------
